 Dungeon Crawl Stone Soup version 0.31-a0-435-g2c6fae2916 (webtiles) character file.

Game seed: 10771838721608403563

7586 Hubris850 the Grappler (level 11, -4/75 HPs)
             Began as a Merfolk Shapeshifter on Aug 1, 2023.
             Was a High Priest of Sif Muna.
             Slain by a manticore (22 damage)
             ... on level 9 of the Dungeon.
             The game lasted 00:28:52 (7646 turns).

Hubris850 the Grappler (Merfolk Shapeshifter)       Turns: 7646, Time: 00:28:53

Health: -4/75      AC:  4    Str: 16    XL:     11   Next: 17%
Magic:  21/21      EV: 19    Int: 11    God:    Sif Muna [*****.]
Gold:   1593       SH:  0    Dex: 15    Spells: 18/23 levels left

rFire   . .          .
                       - Unarmed
rCold   . . .        (no shield)
rNeg    . . .        n - +2 robe {Will+}
rPois   +            i - melded +2 helmet
rElec   .            w - melded +2 cloak
rCorr   .            t - melded +0 pair of gloves
SInv    .            (boots currently unavailable)
Will    +....        x - amulet of regeneration
Stlth   ++           k - +5 ring of evasion
HPRegen 1.12/turn    s - ring of poison resistance
MPRegen 0.17/turn

%: no passive effects
@: beast-form
A: beast (slay +7), (nimble swimmer 2), mertail
a: Begin Untransformation, Renounce Religion, Channel Magic, Forget Spell,
Divine Exegesis


You were on level 9 of the Dungeon.
You worshipped Sif Muna.
Sif Muna was extremely pleased with you.
You were a hulking beast.
You visited 1 branch of the dungeon, and saw 9 of its levels.

You collected 1593 gold pieces.

Inventory:

Hand Weapons
 b - a +0 short sword of venom
 v - a +4 scimitar of flaming
Missiles
 C - 4 poisoned darts
 D - 5 curare-tipped darts
 M - 3 javelins
Armour
 a - a +0 animal skin
 g - a +0 leather armour
 i - a +2 helmet (melded)
 j - a +0 ring mail
 n - a +2 robe of willpower (worn)
 t - a +0 pair of gloves (melded)
 w - a +2 cloak (melded)
 E - a +2 robe of fire resistance
 N - a +0 pair of boots
Magical Staves
 z - a staff of conjuration
Jewellery
 k - a +5 ring of evasion (left hand)
 s - a ring of poison resistance (right hand)
 x - an amulet of regeneration (around neck)
 J - a +6 ring of dexterity
 O - an amulet of the acrobat
 R - a ring of protection from cold
Talismans
 c - a beast talisman (active)
Wands
 d - a wand of polymorph (10)
 y - a wand of iceblast (13)
 B - a wand of charming (32)
 P - a wand of mindburst (4)
 Q - a wand of flame (9)
Scrolls
 e - 5 scrolls of teleportation
 h - 2 scrolls of revelation
 l - 2 scrolls of enchant weapon
 m - 2 scrolls of fear
 o - 2 scrolls of amnesia
 p - a scroll of blinking
 r - 3 scrolls of immolation
 G - 2 scrolls of enchant armour
Potions
 f - 2 potions of curing
 q - a potion of brilliance
 u - a potion of lignification
 A - 2 potions of might
 F - a potion of heal wounds
 H - 2 potions of haste
 I - a potion of enlightenment
 K - a potion of ambrosia {unknown}
 L - a potion of degeneration {unknown}


   Skills:
 + Level 3.0 Fighting
 - Level 1.0 Armour
 + Level 4.9 Dodging
 + Level 2.8 Stealth
 - Level 12.0 Unarmed Combat
 - Level 6.7 Spellcasting
 - Level 2.0 Translocations
 + Level 4.2 Ice Magic
 - Level 10.0 Shapeshifting


You had 18 spell levels left.
You knew the following spells:

 Your Spells              Type           Power      Damage    Failure   Level
a - Blink                 Tloc           16%        N/A       12%         2
b - Ozocubu's Armour      Ice            13%        N/A       10%         3

Your spell library contained the following spells:

 Spells                   Type           Power      Damage    Failure   Level
 Apportation              Tloc           16%        N/A       8%          1
 Ensorcelled Hibernation  Hex/Ice        16%        N/A       11%         2
 Lesser Beckoning         Tloc           16%        N/A       12%         2
 Shock                    Conj/Air       12%        1d3       19%         1
 Summon Small Mammal      Summ           12%        N/A       19%         1
 Momentum Strike          Conj/Tloc      10%        3d8       19%         2
 Passwall                 Tmut/Erth      2%         N/A       26%         2
 Vhi's Electric Charge    Tloc/Air       10%        N/A       34%         3
 Call Canine Familiar     Summ           3%         N/A       47%         3
 Summon Guardian Golem    Hex/Summ       3%         N/A       47%         3
 Swiftness                Air            3%         N/A       47%         3
 Airstrike                Air            1%         2d(1-17)  87%         4
 Anguish                  Hex/Necr       1%         N/A       87%         4
 Alistair's Intoxication  Tmut/Pois      2%         N/A       99%         5
 Arcjolt                  Conj/Air       1%         1d11      99%         5
 Plasma Beam              Fire/Air       1%         2x1d11    100%        6
 Ozocubu's Refrigeration  Ice            6%         4d8       100%        7


Dungeon Overview and Level Annotations

Branches:
Dungeon (9/15)             Temple (0/1) D:6
   Lair: D:8-11         Orc: D:9-12

Altars:
Elyvilon
Fedhas
Hepliaklqana
Okawaru
Qazlal
Sif Muna
Vehumet
Wu Jian

Shops:
D:2 (   D:4 *   D:5 *


Innate Abilities, Weirdness & Mutations

You are a hulking beast.
Your limbs bulge with bestial killing power. (Slay +7)
((You are very nimble when in or above water. (Stealth+, EV+, Speed+++)))
Your lower body shifts to a powerful aquatic tail in water.


Message History

The bolt of lightning hits you!!
You punch the tengu conjurer!
The tengu conjurer is moderately wounded.
The tengu conjurer closely misses you.
The tengu conjurer pecks you but does no damage.
The tengu conjurer barely misses you.
You barely miss the tengu conjurer.
The tengu conjurer is moderately wounded.
You miss the tengu conjurer.
The tengu conjurer is moderately wounded.
The tengu conjurer barely misses you. x2
The tengu conjurer closely misses you.
You punch the tengu conjurer!
The tengu conjurer is heavily wounded.
The tengu conjurer misses you.
The tengu conjurer barely misses you. x2
You closely miss the tengu conjurer.
The tengu conjurer is heavily wounded.
The tengu conjurer misses you.
The tengu conjurer barely misses you. x2
You punch the tengu conjurer!
The tengu conjurer is severely wounded.
The tengu conjurer closely misses you. The tengu conjurer misses you.
The tengu conjurer completely misses you.
You barely miss the tengu conjurer. Your punch misses the tengu conjurer.
The tengu conjurer is severely wounded.
You barely miss the tengu conjurer.
The tengu conjurer is severely wounded.
The tengu conjurer hits you. The tengu conjurer misses you.
The tengu conjurer claws you.
The manticore flicks its tail.
The volley of spikes misses you.
You pummel the tengu conjurer!!
You kill the tengu conjurer!
Sif Muna accepts your kill.
Your Fighting skill increases to level 3!
You completely miss the manticore. You completely miss the manticore.
The manticore bites you!! The manticore misses you. The manticore claws you.
* * * LOW HITPOINT WARNING * * *
You closely miss the manticore. The manticore bites you!!
You die...

..........##§≈≈≈≈§≈§§≈≈≈≈≈§ ##
...........##≈§§≈≈≈.§§≈≈≈§§#####.
#...........##≈§≈§≈§.§≈≈≈§##.....
###..........##≈≈§≈§.§≈≈≈##......
#########...##≈§≈..≈§≈##.....##
###...#######''####...).##
####...### #....##.....###
###...##########†.#######..##
##...##.........hH.# ##..##
...####...........## ##..## .###
#............# ##..## ##
#............# ##..# #
#............# ###.. #
#............# ###..#. #
#............# #...... #
#.........[.## #...... #
##..........# #......


You could see a manticore.

Vanquished Creatures
  A two-headed ogre (D:8)
  Erica (D:8)
  Pikel (D:7)
  A gargoyle (D:9)
  A tengu conjurer (D:9)
  A troll (D:9)
  Grinder (D:3)
  Prince Ribbit (D:5)
  A vampire (D:9)
  A wyvern (D:7)
  8 yaks
  The ghost of cforsyth the Charlatan, an amateur GnAr (D:3)
  2 water moccasins
  A sky beast (D:8)
  An ice beast (D:5)
  An orc warrior (D:8)
  A black bear (D:6)
  3 centaurs
  2 ogres (D:6)
  A lemure (D:7)
  A phantom (D:4)
  3 bullfrogs
  2 gnoll sergeants (D:8)
  A scorpion (D:4)
  8 wights
  4 killer bees (D:9)
  A howler monkey (D:6)
  2 electric eels (D:7)
  5 jellies
  3 quasits (D:4)
  A gnoll bouda (D:7)
  2 hounds (D:6)
  2 orc priests (D:5)
  Ijyb (D:5)
  5 iguanas
  8 orc wizards
  13 gnolls
  5 adders
  2 shadow imps
  3 white imps
  An ufetubus (D:7)
  A worm (D:5)
  The ghost of drugrobin the Sneak, a weakling DgDe (D:4)
  41 orcs
  6 bats
  7 endoplasms
  3 giant cockroaches
  7 hobgoblins
  7 jackals
  6 quokkas
  7 ball pythons
  5 frilled lizards
  8 goblins
  9 kobolds
  7 rats
219 creatures vanquished.

Vanquished Creatures (others)
  A butterfly (D:4)
1 creature vanquished.

Grand Total: 220 creatures vanquished

Notes
Turn   | Place    | Note
-------+----------+-------------------------------------------
     0 | D:1      | Hubris850 the Merfolk Shapeshifter began the quest for the
                  | Orb.
     0 | D:1      | Reached XP level 1. HP: 15/15 MP: 1/1
   305 | D:1      | Reached XP level 2. HP: 20/21 MP: 2/2
   533 | D:1      | Found a faded altar of an unknown god.
   644 | D:1      | Prayed at the altar of an unknown god.
   644 | D:1      | Became a worshipper of Sif Muna the Loreminder
   644 | D:1      | Reached * piety under Sif Muna
   690 | D:1      | Reached XP level 3. HP: 26/26 MP: 3/3
  1002 | D:2      | Learned a level 2 spell: Blink
  1146 | D:2      | Reached skill level 4 in Unarmed Combat
  1203 | D:2      | Reached XP level 4. HP: 26/32 MP: 4/4
  1282 | D:2      | Reached ** piety under Sif Muna
  1487 | D:2      | Found Misso's Antique Weapon Emporium.
  1765 | D:3      | Found a stormy altar of Qazlal.
  1795 | D:3      | Noticed Grinder
  1820 | D:3      | Killed Grinder
  1821 | D:3      | Reached skill level 1 in Armour
  1821 | D:3      | Reached skill level 5 in Unarmed Combat
  1821 | D:3      | Reached skill level 1 in Spellcasting
  1821 | D:3      | Reached skill level 5 in Shapeshifting
  1821 | D:3      | Reached XP level 5. HP: 28/37 MP: 4/7
  1821 | D:3      | Reached XP level 6. HP: 33/43 MP: 4/8
  1918 | D:3      | Found a transporter.
  1922 | D:3      | Noticed cforsyth's ghost (amateur GnAr)
  1924 | D:3      | Found a transporter.
  1971 | D:3      | Found a radiant altar of Vehumet.
  2411 | D:4      | Reached XP level 7. HP: 48/48 MP: 10/10
  2427 | D:4      | Found a transporter.
  2429 | D:4      | Found Geuraeqeps's General Store.
  2430 | D:4      | Noticed drugrobin's ghost (weakling DgDe)
  2457 | D:4      | Found an ornate altar of the Wu Jian Council.
  2707 | D:4      | Found a white marble altar of Elyvilon.
  2744 | D:4      | Found a transporter.
  2791 | D:4      | You fall into a shaft and drop 1 floor!
  2791 | D:5      | Entered Level 5 of the Dungeon
  2847 | D:5      | Reached skill level 6 in Unarmed Combat
  2893 | D:5      | Noticed Ijyb
  2893 | D:5      | Noticed Prince Ribbit
  2916 | D:5      | Killed Ijyb
  2920 | D:5      | Killed Prince Ribbit
  2921 | D:5      | Reached XP level 8. HP: 25/54 MP: 12/12
  3013 | D:5      | Found an iron altar of Okawaru.
  3033 | D:5      | Found Tuoblu Riuho's Assorted Antiques.
  3073 | D:5      | Reached *** piety under Sif Muna
  3165 | D:5      | Reached skill level 7 in Unarmed Combat
  3222 | D:5      | Found a hazy altar of Hepliaklqana.
  3914 | D:6      | Reached skill level 8 in Unarmed Combat
  4035 | D:6      | Reached XP level 9. HP: 46/59 MP: 15/15
  4336 | D:6      | Found a staircase to the Ecumenical Temple.
  4952 | D:7      | Reached skill level 9 in Unarmed Combat
  5027 | D:7      | Noticed Pikel
  5060 | D:7      | Killed Pikel
  5061 | D:7      | Reached skill level 5 in Spellcasting
  5061 | D:7      | Reached skill level 10 in Shapeshifting
  5430 | D:4      | Reached skill level 10 in Unarmed Combat
  5432 | D:4      | Killed drugrobin's ghost
  5519 | D:3      | Reached **** piety under Sif Muna
  5527 | D:3      | Killed cforsyth's ghost
  5528 | D:3      | Reached XP level 10. HP: 59/65 MP: 18/18
  5546 | D:3      | Identified a scroll of acquirement
  5546 | D:3      | Acquired 1114 gold pieces
  5676 | D:8      | Found a blossoming altar of Fedhas.
  5737 | D:8      | Noticed a two-headed ogre
  5744 | D:8      | Killed a two-headed ogre
  5745 | D:8      | Reached skill level 11 in Unarmed Combat
  5836 | D:8      | Learned a level 3 spell: Ozocubu's Armour
  5930 | D:8      | Reached skill level 1 in Ice Magic
  5933 | D:8      | Reached skill level 1 in Translocations
  6361 | D:8      | Noticed Erica
  6372 | D:8      | Killed Erica
  6657 | D:9      | Noticed a gargoyle
  6837 | D:9      | Killed a gargoyle
  6997 | D:9      | Reached skill level 12 in Unarmed Combat
  7278 | D:9      | Reached skill level 1 in Stealth
  7286 | D:9      | Reached ***** piety under Sif Muna
  7287 | D:9      | Reached XP level 11. HP: 23/72 MP: 21/21
  7347 | D:9      | Received a gift from Sif Muna
  7622 | D:9      | Noticed a manticore
  7646 | D:9      | Slain by a manticore

Illustrated notes

Levels and vault maps discovered:
D:1:      dpeg_arrival_three_bigger_balls, layout_basic,
          dreamdust_ecumenical_altar_grove
D:2:      layout_loops_corners, serial_shops, shop
D:3:      layout_rooms, mainiacjoe_overflow_catch_the_wave,
          gammafunk_ghost_arena, uniq_grinder
D:4:      layout_cave_pools, nicolae_wu_jian_wuxing_cycle,
          nicolae_elyvilon_peaceful_grove, serial_shops, shop,
          gammafunk_ghost_stat_death
D:5:      layout_loops_ring, okawaru_trees_2, mainiacjoe_overflow_paths,
          serial_shops, shop, portal_sewer_entry_e, uniq_ijyb,
          uniq_prince_ribbit1
D:6:      layout_loops_ring, minmay_temple_entry_statues_pillars,
          hangedman_decor_opposing
D:7:      layout_basic, grunt_ministairs_15, kennysheep_cluttered_room,
          uniq_pikel
D:8:      layout_gridville, fedhas_altar_3, sigmund_army, uniq_erica
D:9:      kennysheep_big_flooded_room, layout_cave_pods

Skill      XL: |  1  2  3  4  5  6  7  8  9 10 11 |
---------------+----------------------------------+-----
Dodging        | 3 4 |  4.9
Unarmed Combat | 4 5 6 8 10 12 | 12.0
Armour         | 1 |  1.0
Spellcasting   | 1 2 3 4 5 6 |  6.7
Shapeshifting  | 5 6 7 8 10 | 10.0
Ice Magic      | 3 4 |  4.2
Translocations | 2 |  2.0
Stealth        | 1 2 |  2.8
Fighting       | 3 |  3.0

Action                     |  1- 3 |  4- 6 |  7- 9 | 10-12 || total
---------------------------+-------+-------+-------+-------++-------
  Melee: Unarmed           |   115 |    93 |   283 |   196 ||   687
         Punch             |     5 |     3 |    19 |    15 ||    42
         Tailslap          |       |       |     4 |       ||     4
  Throw: Dart              |       |       |     1 |     1 ||     2
Ability: Begin Untransform |       |       |       |     2 ||     2
    Use: Scroll            |     2 |       |     8 |     8 ||    18
         Potion            |       |     3 |       |     2 ||     5
   Stab: Sleeping          |     1 |     2 |     3 |       ||     6
         Invisible         |       |       |       |     3 ||     3
 Armour: Leather armour    |     5 |       |       |       ||     5
         Ring mail         |    23 |     1 |       |       ||    24
         Animal skin       |     1 |       |       |       ||     1
         Robe              |       |     3 |    37 |    18 ||    58
         Skin              |       |     1 |       |       ||     1
  Dodge: Dodged            |    66 |    69 |   246 |   146 ||   527
   Form: Beast             |       |       |       |     2 ||     2

Table legend: (Time is in decaauts)
 A = Elapsed time spent in this place.
 B = Non-inter-level travel time spent in this place.
 C = Inter-level travel time spent in this place.
 D = Time resting spent in this place.
 E = Time spent auto-exploring this place.
 F = Levels seen in this place.
 G = Mean time per level.
                   A        B        C        D        E       F      G
               +--------+--------+--------+--------+--------+-----+--------+
         Total |   7540 |   7096 |    444 |    326 |   5171 |   9 |  837.8 |
       Dungeon |   7540 |   7096 |    444 |    326 |   5171 |   9 |  837.8 |
               +--------+--------+--------+--------+--------+-----+--------+

Top non-repeatable levels by time:
     D:8: 1118 daAuts
     D:5: 955 daAuts
     D:2: 910 daAuts
     D:1: 845 daAuts
     D:9: 815 daAuts
     D:6: 794 daAuts
     D:4: 753 daAuts
     D:3: 693 daAuts
     D:7: 654 daAuts
